 Dungeon Crawl Stone Soup version 0.31-a0-150-g89dc3ad700 (console) character file.

Game seed: 1496564641469108856

800116 petzl the Ruinous (level 27, -3/220 HPs)
             Began as a Formicid Delver on June 3, 2023.
             Was the Champion of Vehumet.
             Killed by an exploding ball lightning (7 damage)
             ... in Pandemonium on June 9, 2023.
             The game lasted 14:16:14 (118669 turns).

petzl the Ruinous (Formicid Delver)               Turns: 118669, Time: 14:16:14

Health: -3/220     AC: 20    Str: 21    XL:     27
Magic:  19/49      EV: 35    Int: 40    God:    Vehumet [******]
Gold:   5427       SH: 18    Dex: 13    Spells: 7/70 levels left

rFire   + + .        b - +10 zealot's sword {holy, Zealotry, *Rage rN+ EV+3}
rCold   + . .        w - +5 Storm Queen's Shield {shock, Fly rElec}
rNeg    + + .        z - +4 scale mail of Resonance {rF++ rN+ Regen+ Int-4}
rPois   .            (helmet unavailable)
rElec   +            H - scarf {repulsion}
rCorr   +            s - +3 pair of gloves "Arisup" {Int+6}
SInv    +            N - +2 pair of slick slippers {slick, slippery, EV+4}
Will    +++..        t - amulet of Paranoia {Acrobat Regen+ Str+3 Int+3}
Stlth   ++++         G - ring of the Lily {rC+ Will+ Int+6}
HPRegen 2.16/turn    m - ring of the Suburbs {rF+ rCorr}
MPRegen 0.31/turn

%: repel missiles, acrobat
@: fire vulnerable, acrobatic, flying, studying Air Magic
A: permanent stasis, dig shafts and tunnels, antennae 3, four strong arms,
clever 2
}: 6/15 runes: decaying, slimy, silver, demonic, dark, gossamer
a: Dig, Renounce Religion


You were in Pandemonium.
You worshipped Vehumet.
Vehumet was exalted by your worship.
You visited 15 branches of the dungeon, and saw 59 of its levels.
You visited Pandemonium 1 time, and saw 6 of its levels.
You visited 1 bazaar.
You also visited: Trove and Volcano.

You collected 13329 gold pieces.
You spent 7902 gold pieces at shops.

Inventory:

Hand Weapons
 a - the +10 orcbow "Orb Guardian's Doom" {drain, rElec rN+ SInv Stlth-}
   (You found it on level 5 of the Pits of Slime)

   rElec:     It insulates you from electricity.
   rN:        It protects you from negative energy.
   SInv:      It lets you see invisible.
   Stlth:     It makes you less stealthy.
 b - the +10 zealot's sword (weapon) {holy, Zealotry, *Rage rN+ EV+3}
   (You found it on level 5 of the Pits of Slime)

   Zealotry:  Whenever the wielder enters a berserk rage, their allies are
   berserked alongside them.
   EV:        It affects your evasion (+3).
   rN:        It protects you from negative energy.
   *Rage:     It berserks you when you make melee attacks (+20% chance).
 c - a +2 spectral demon whip
 g - the +3 battleaxe of Zinwookhee {drain, Will+, !f =f}
   (You found it on level 12 of the Dungeon)

   Will:      It increases your willpower.
 p - a +0 demon blade of electrocution
 y - a +2 flail of protection
 B - the +6 orcbow of Vybamej {elec, rF- rN+ Str+6 Int-5 Dex+3}
   (You found it in Pandemonium)

   Str:       It affects your strength (+6).
   Int:       It affects your intelligence (-5).
   Dex:       It affects your dexterity (+3).
   rF:        It makes you vulnerable to fire.
   rN:        It protects you from negative energy.
 I - the +5 war axe of the Shining Light {venom, rC+ rN+ Dex+4, !f =f}
   (You found it in Pandemonium)

   Dex:       It affects your dexterity (+4).
   rC:        It protects you from cold.
   rN:        It protects you from negative energy.
 Q - the +3 rapier "Ecetasei" {flame, rPois}
   (You found it in Pandemonium)

   rPois:     It protects you from poison.
Missiles
 E - 5 throwing nets
 M - a curare-tipped dart (quivered)
Armour
 d - a +2 kite shield of protection
 i - the +3 pair of mountain boots {steadfast, rC+}
   (You found it on level 5 of the Lair of Beasts)

   Steadfast: It prevents involuntary movement, except for blinking,
   teleportation, or banishment.
   rC:        It protects you from cold.
 j - the sphere of Battle
   (You bought it in a shop on level 2 of the Orcish Mines)

   It enhances your destructive magic.
   It weakens your non-destructive magic.
   It summons a battlesphere in combat, with strength depending on Conjurations
   skill.
 l - a +0 tower shield of protection
 n - a +0 kite shield of reflection
 s - the +3 pair of gloves "Arisup" (worn) {Int+6}
   (You found it on level 2 of the Depths)

   Int:       It affects your intelligence (+6).
 w - the +5 Storm Queen's Shield (worn) {shock, Fly rElec}
   (You bought it in a shop in a bazaar)

   Shock:     When it blocks an attack, it may electrocute the attacker.
   This works even against foes who are a short distance away.
   rElec:     It insulates you from electricity.
   Fly:       It grants you flight.
 z - the +4 scale mail of Resonance (worn) {rF++ rN+ Regen+ Int-4}
   (You found it on level 5 of the Pits of Slime)

   Int:       It affects your intelligence (-4).
   rF:        It greatly protects you from fire.
   rN:        It protects you from negative energy.
   Regen:     It increases your rate of health regeneration.
 H - a scarf of repulsion (worn)
 N - the +2 pair of slick slippers (worn) {slick, slippery, EV+4}
   (You acquired it on level 4 of the Lair of Beasts)

   Slick:     Its wearer cannot be constricted, engulfed, netted or webbed.
   Slippery:  Its wearer slips away from damaging melee attacks, pulling the
   attacker onward.
   EV:        It affects your evasion (+4).
Jewellery
 m - the ring of the Suburbs (right hand) {rF+ rCorr}
   (You took it off an ironbound preserver on level 5 of the Vaults)

   [ring of resist corrosion]

   rF:        It protects you from fire.
   rCorr:     It protects you from acid and corrosion.
 t - the amulet of Paranoia (around neck) {Acrobat Regen+ Str+3 Int+3}
   (You took it off a deep elf death mage on level 3 of the Elven Halls)

   [amulet of the acrobat]

   It increases your evasion while moving and waiting.
   Str:       It affects your strength (+3).
   Int:       It affects your intelligence (+3).
   Regen:     It increases your rate of health regeneration.
 D - a +6 ring of intelligence
 G - the ring of the Lily (left hand) {rC+ Will+ Int+6}
   (You found it on level 6 of the Dungeon)

   [ring of intelligence]

   Int:       It affects your intelligence (+6).
   rC:        It protects you from cold.
   Will:      It increases your willpower.
 Z - a ring of poison resistance
Wands
 f - a wand of digging (22)
 K - a wand of roots (61)
 L - a wand of paralysis (40)
 P - a wand of quicksilver (39)
 U - a wand of mindburst (33)
Scrolls
 e - 12 scrolls of fear
 r - 2 scrolls of silence
 A - a scroll of enchant armour
 C - 10 scrolls of poison
 S - a scroll of amnesia
 T - 8 scrolls of magic mapping
 W - 9 scrolls of fog
 X - a scroll of enchant weapon
Potions
 h - 6 potions of ambrosia
 k - 22 potions of curing
 q - a potion of resistance
 v - 8 potions of brilliance
 x - 9 potions of heal wounds
 F - 3 potions of lignification
 J - 8 potions of cancellation
 R - 5 potions of enlightenment
 V - 3 potions of magic
Miscellaneous
 o - a phial of floods
 u - a condenser vane
 O - a sack of spiders (inert)
 Y - a phantom mirror (inert)


   Skills:
 - Level 18.8 Fighting
 - Level 2.0(5.3) Short Blades
 - Level 7.8(8.0) Long Blades
 - Level 4.0 Maces & Flails
 - Level 5.2 Ranged Weapons
 - Level 13.0 Armour
 - Level 9.0 Dodging
 - Level 13.4 Stealth
 - Level 16.2 Shields
 - Level 22.0 Spellcasting
 - Level 23.3 Conjurations
 - Level 12.0 Necromancy
 - Level 10.0 Translocations
 - Level 4.0 Transmutations
 - Level 22.8 Fire Magic
 * Level 17.9 Ice Magic
 - Level 10.0 Air Magic
 - Level 7.1 Earth Magic
 - Level 8.0 Poison Magic
 - Level 3.0 Evocations


You had 7 spell levels left.
You knew the following spells:

 Your Spells              Type           Power      Damage    Failure   Level
b - Stone Arrow           Conj/Erth      100%       3d13      0%          3
c - Iskenderun's Mystic   Conj/Tloc      100%       2d19      0%          4
l - Freezing Cloud        Conj/Ice/Air   55%        6-21      1%          5
n - Fire Storm            Conj/Fire      61%        8d16      3%          9
o - Orb of Destruction    Conj           62%        9d15      1%          7
p - Passage of Golubria   Tloc           89%        N/A       1%          4
s - Sticky Flame          Conj/Fire      100%       2d11      0%          4
u - Sublimation of Blood  Necr           96%        N/A       1%          2
A - Ozocubu's Armour      Ice            100%       N/A       0%          3
E - Conjure Ball Lightni  Conj/Air       54%        3x3d20    1%          6
I - Ignite Poison         Fire/Tmut/Pois 95%        N/A       1%          3
T - Olgreb's Toxic Radia  Pois           82%        N/A       1%          4
V - Polar Vortex          Ice            56%        N/A       28%         9

Your spell library contained the following spells:

 Spells                   Type           Power      Damage    Failure   Level
 Kiss of Death            Conj/Necr      100%       2d13      0%          1
 Magic Dart               Conj           100%       1d8       0%          1
 Necrotise                Necr           100%       1d9       0%          1
 Momentum Strike          Conj/Tloc      100%       3d10      0%          2
 Mephitic Cloud           Conj/Pois/Air  100%       N/A       0%          3
 Volatile Blastmotes      Fire/Tloc      100%       2d18      0%          3
 Fireball                 Conj/Fire      61%        3d23      0%          5
 Iskenderun's Battlesphe  Conj           100%       2d15      0%          5
 Starburst                Conj/Fire      61%        6d16      0%          6
 Apportation              Tloc           100%       N/A       1%          1
 Sandblast                Erth           100%       2d20      1%          1
 Slow                     Hex            100%       N/A       1%          1
 Sting                    Tmut/Pois      100%       1d8       1%          1
 Cigotuvi's Dreadful Rot  Necr/Pois/Air  100%       N/A       1%          2
 Ensorcelled Hibernation  Hex/Ice        100%       N/A       1%          2
 Lesser Beckoning         Tloc           100%       N/A       1%          2
 Passwall                 Tmut/Erth      60%        N/A       1%          2
 Poisonous Vapours        Pois/Air       100%       N/A       1%          2
 Wereblood                Tmut           66%        N/A       1%          2
 Dazzling Flash           Conj/Hex       100%       N/A       1%          3
 Gell's Gravitas          Tloc           89%        N/A       1%          3
 Portal Projectile        Hex/Tloc       100%       N/A       1%          3
 Spider Form              Tmut/Pois      75%        N/A       1%          3
 Teleport Other           Tloc           89%        N/A       1%          3
 Vampiric Draining        Necr           96%        2d12      1%          3
 Anguish                  Hex/Necr       37%        N/A       1%          4
 Animate Dead             Necr           96%        N/A       1%          4
 Dispel Undead            Necr           96%        3d30      1%          4
 Fulminant Prism          Conj/Hex       47%        3d21      1%          4
 Ice Form                 Ice/Tmut       93%        N/A       1%          4
 Petrify                  Tmut/Erth      73%        N/A       1%          4
 Summon Ice Beast         Ice/Summ       86%        N/A       1%          4
 Summon Lightning Spire   Summ/Air       71%        N/A       1%          4
 Agony                    Necr           96%        N/A       1%          5
 Borgnjor's Vile Clutch   Necr/Erth      44%        N/A       1%          5
 Irradiate                Conj/Tmut      50%        3d28      1%          5
 Lee's Rapid Deconstruct  Erth           39%        3d19*     1%          5
 Metabolic Englaciation   Hex/Ice        43%        N/A       1%          5
 Death Channel            Necr           48%        N/A       1%          6
 Simulacrum               Ice/Necr       52%        N/A       1%          6
 Ozocubu's Refrigeration  Ice            56%        4d19      1%          7
 Leda's Liquefaction      Hex/Erth       32%        N/A       3%          4
 Alistair's Intoxication  Tmut/Pois      50%        N/A       3%          5
 Spellforged Servitor     Conj/Summ      47%        N/A       3%          7
 Call Canine Familiar     Summ           44%        N/A       4%          3
 Confusing Touch          Hex            44%        N/A       4%          3
 Dispersal                Tloc           44%        N/A       4%          6
 Yara's Violent Unravell  Hex/Tmut       28%        3d12      5%          5
 Silence                  Hex/Air        35%        N/A       6%          5
 Summon Forest            Summ/Tloc      35%        N/A       6%          5
 Eringya's Noxious Bog    Tmut/Pois      37%        N/A       6%          6
 Blade Hands              Tmut           33%        N/A       9%          5
 Cause Fear               Hex            22%        N/A       16%         4
 Statue Form              Tmut/Erth      48%        N/A       26%         6
 Summon Mana Viper        Hex/Summ       44%        N/A       41%         5
 Storm Form               Tmut/Air       39%        N/A       61%         7
 Malign Gateway           Summ/Tloc      35%        N/A       87%         7
 Summon Cactus Giant      Summ           22%        N/A       94%         6
 Dragon Form              Tmut           33%        N/A       95%         7
 Enfeeble                 Hex            22%        N/A       100%        7
 Monstrous Menagerie      Summ           22%        N/A       100%        7
 Summon Hydra             Summ           22%        N/A       100%        7
 Ignition                 Fire           61%        3d17      1%          8
 Lehudib's Crystal Spear  Conj/Erth      52%        10d12     5%          8
 Maxwell's Capacitive Co  Air            44%        ∞         41%         8
 Chain Lightning          Conj/Air       54%        3d72      41%         9
 Infestation              Necr           48%        N/A       61%         8
 Disjunction              Tloc           44%        N/A       87%         8
 Necromutation            Tmut/Necr      41%        N/A       99%         8
 Discord                  Hex            22%        N/A       100%        8
 Shatter                  Erth           39%        3d31*     100%        9
 Swiftness                Air            Unusable   N/A       N/A         3
 Vhi's Electric Charge    Tloc/Air       Unusable   N/A       N/A         3

Dungeon Overview and Level Annotations

Branches:
Dungeon (15/15)            Temple (1/1) D:6            Lair (5/5) D:10
  Swamp (4/4) Lair:3       Spider (4/4) Lair:3        Slime (5/5) Lair:4
    Orc (2/2) D:11            Elf (3/3) Orc:2        Vaults (5/5) D:14
  Crypt (3/3) Vaults:2       Tomb (1/3) Crypt:3      Depths (4/4) D:15
   Hell (visited)             Dis (0/7) Hell            Geh (1/7) Hell
    Coc (0/7) Hell            Tar (0/7) Hell            Zot (5/5) Depths:4
Volcano (visited)

Altars:
Cheibriados
Dithmenos
Elyvilon
Fedhas
Gozag
Kikubaaqudgha
Makhleb
Nemelex Xobeh
Ru
Sif Muna
Trog
Uskayaw
Vehumet
Xom
Yredelemnul
Zin
The Shining One
Jiyva

Shops:
D:1 (   D:6 *   Orc:2 (?[=   Elf:2 ?   Vaults:1 :   Vaults:5 [

Portals:
Hell: Depths:1 Depths:2 Depths:3 Depths:4
Abyss: Depths:2 Depths:3
Pandemonium: Depths:2 Depths:3
Ziggurat: Depths:3


Innate Abilities, Weirdness & Mutations

You cannot be hasted, slowed, berserked, paralysed or teleported.
You can dig through walls and to a lower floor.
You have a pair of large antennae on your head. (SInv)
Your four strong arms can wield two-handed weapons with a shield.
Your mind is very acute. (Int +8, Str/Dex -2)


Message History

Cerebov is almost dead.
The blast of lightning engulfs your ball lightning.
Your ball lightning completely resists.
The blast of lightning engulfs your ball lightning.
Your ball lightning completely resists.
The blast of lightning engulfs your ball lightning.
Your ball lightning completely resists.
Cerebov hits you with the +6 sword of Cerebov {flame}!!!
* * * LOW HITPOINT WARNING * * *
Cerebov burns you!
* * * LOW HITPOINT WARNING * * *
Unknown command.
Unknown command.
Unknown command.
Unknown command.
Unknown command.
Unknown command.
Unknown command.
Your ball lightning explodes!
The blast of lightning engulfs Cerebov!!
Cerebov is almost dead.
The blast of lightning engulfs you! You resist.
* * * LOW HITPOINT WARNING * * *
The blast of lightning engulfs your ball lightning.
Your ball lightning completely resists.
The blast of lightning engulfs your ball lightning.
Your ball lightning completely resists.
Your ball lightning explodes!
The blast of lightning engulfs Cerebov!
Cerebov is almost dead.
The blast of lightning engulfs your ball lightning.
Your ball lightning completely resists.
The blast of lightning engulfs you! You resist.
* * * LOW HITPOINT WARNING * * *
Your ball lightning explodes!
The blast of lightning engulfs Cerebov!!!
You kill Cerebov!
Vehumet accepts your kill.
You feel your power returning. The blast of lightning engulfs you! You resist.
You die...

.)....##..#.#)#..##...##
.......##.###.....##.##
........###))./....#'##
........#............3##
........#'#...)....###.#
.......##.##...).###.{s#
###...##...##..#'#.....#
#.##.##.....####....2{.#
'..###.......#.....§§.§#
#...#####'######..§§§§§#
.....#..{....#.#'#2§§§s#
..#'##...^...#.^.###§§.#
.##..#......##.....###.#
.#...'.....###.)......##
.##..#....##.#.......##
..#'##...##..'.......#
..)..#..##^..#.......#
#...##'##....####'#.###############
'..#.............@.................
#.##.........)..))§................
###.......^.#####§§...#####........
..#.........#,,,#§§§..#,,,#........
..#.........#,,,##§).##,,,#........
..#.......###,,,#°)§..#,,,###^.....
..'......##.##+##○..).##+##,##.....
..#)....##,.......)........,,##....
#.#.....#,,*######...######*,,#...!
###..####*,******#...#******,*####.
#.##.#,,,*,**,,,*#'2'#*{,,**,*,,,#.
..#..#,,,+,**,,,*#...#*,,,**,+,,,#.
.##..#,,,*,**,,,.......,,,**,*,,,#.
.'...###**,**,...........,**,**###.
##.....#,,,*#.............#*,,,#...
#......#,***#.............#***,#...
#......#,**,.....#...#.....,**,#...
.......#,***#....##.##....#***,#...
####...#,,,**,,,,,***,,,,,**,,,#...


There were no monsters in sight!

Vanquished Creatures
  Cerebov (Pan)
  the Royal Jelly (Slime:5)
  Gloorx Vloq (Pan)
  Khufu (Crypt:1)
  6 dread liches
  An ancient lich (Zot:5)
  2 orbs of fire (Zot:5)
  Mara (Vaults:4)
  3 juggernauts
  Sojobo (Vaults:2)
  2 royal mummies (Tomb:1)
  3 Killer Klowns
  2 curse toes
  Saint Roka (Vaults:1)
  4 pandemonium lords (Pan)
  Geryon (Hell)
  The ghost of Omoexics the Ruinous, a veteran DsGl of Vehumet (Crypt:3)
  Jory (Vaults:2)
  12 golden dragons
  A profane servitor (Crypt:3)
  3 bone dragons
  Nikola (Elf:2)
  Arachne (Spider:2)
  3 Brimstone Fiends (Pan)
  A shard shrike zombie (Crypt:2)
  A hellephant (Depths:1)
  4 electric golems
  11 titans
  22 Orb Guardians (Zot:5)
  4 liches
  21 tentacled monstrosities
  A Hell Sentinel (Pan)
  Zenata (Vaults:1)
  A walking crystal tome (Depths:2)
  A walking earthen tome (Depths:3)
  Asterion (Spider:3)
  7 quicksilver dragons
  A walking frostbound tome (Depths:3)
  16 acid blobs
  2 deep elf master archers (Elf:3)
  3 deep elf blademasters (Elf:3)
  10 death cobs
  13 sphinxes
  27 Executioners (Pan)
  12 ancient champions
  Agnes (Elf:1)
  Kirke (D:15)
  The ghost of soylentgreeen202 the Zephyrmancer, an adept DgAE (Lair:3)
  9 shadow dragons
  16 storm dragons
  Roxanne (Swamp:2)
  14 tengu reavers
  8 revenants
  Donald (Elf:2)
  A fenstrider witch (Swamp:4)
  15 azure jellies
  5 demonspawn warmongers (Pan)
  16 fire giants
  6 draconian knights
  7 draconian monks
  6 iron dragons
  14 rockslimes
  17 vault wardens
  6 deep elf sorcerers
  3 emperor scorpions
  4 ghost moths
  4 draconian scorchers
  7 frost giants
  14 balrugs
  4 draconian annihilators
  5 ghouls
  2 cacodemons (Pan)
  5 draconian stormcallers
  9 curse skulls
  2 war gargoyles (Vaults:2)
  A spriggan defender (Depths:1)
  6 draconian shifters
  2 orc warlords
  11 stone giants
  15 very ugly things
  6 deep elf elementalists
  23 ironbound preservers
  6 formless jellyfish
  16 quicksilver oozes
  2 demonspawn corrupters (Pan)
  5 reapers
  5 demonspawn blood saints (Pan)
  Nessos (Lair:3)
  8 ironbound thunderhulks
  The ghost of Gint the Severer, a journeyman HOFi of Uskayaw (D:13)
  11 vampire knights
  9 lorocyprocas (Pan)
  8 black draconians
  8 eleionomae
  6 demonspawn black suns (Pan)
  9 green draconians
  11 white draconians
  4 deep elf demonologists
  14 spark wasps
  Snorg (D:10)
  6 purple draconians
  9 deep elf annihilators
  13 yellow draconians
  3 eidola (Crypt:3)
  3 red draconians
  2 iron golems
  12 dire elephants
  3 bunyips
  5 green deaths (Pan)
  7 ettins
  6 blizzard demons
  6 deep elf death magi
  A great orb of eyes (shapeshifter) (Vaults:5)
  7 jiangshi
  4 crystal guardians (Vaults:2)
  8 mummy priests (Tomb:1)
  18 great orbs of eyes
  11 deep elf high priests
  22 yaktaur captains
  7 entropy weavers
  2 shambling mangroves
  15 fire dragons
  36 vault guards
  An entropy weaver (shapeshifter) (Vaults:5)
  10 ice dragons
  5 ghost crabs
  7 ogre magi
  A hell beast (Pan)
  5 peacekeepers
  4 death knights
  Erolcha (D:10)
  14 hydras
  A bennu zombie (Crypt:2)
  A catoblepas (Lair:1)
  3 spriggan air magi
  A rakshasa (Depths:1)
  5 radroaches
  10 ironbound frosthearts
  24 death yaks
  2 jorogumos
  6 death scarabs (Spider:4)
  9 centaur warriors
  5 boulder beetles
  18 two-headed ogres
  37 dancing weapons
  8 alligators
  6 deep troll shamans
  24 demonic crawlers
  9 vampire magi
  8 deep troll earth magi
  A death yak (shapeshifter) (Depths:4)
  2 fenstrider witch skeletons (Crypt:3)
  11 hell hogs
  6 holy swine (Pan)
  2 tengu warriors
  The ghost of Dordric the Fighter, a novice DjMo of Hepliaklqana (D:9)
  5 hell knights
  A shock serpent (shapeshifter) (Vaults:5)
  6 spriggan berserkers
  A storm dragon zombie (Depths:2)
  37 sun demons
  25 deep elf knights
  17 soul eaters
  Nergalle (D:10)
  3 goliath frogs
  6 sixfirhies (Pan)
  31 skeletal warriors
  2 iron giant zombies
  A titan skeleton (Pan)
  A skyshark (Lair:5)
  A sun moth (Spider:3)
  9 pharaoh ants
  A death drake (Swamp:4)
  2 anaconda zombies (Crypt:3)
  8 iron trolls
  A storm dragon skeleton (Pan)
  A bunyip zombie (Crypt:3)
  5 spriggan druids
  3 glowing orange brains
  A golden dragon zombie (Depths:3)
  14 deep elf archers
  5 flayed ghosts
  9 shadow wraiths
  10 bog bodies
  8 steelbarb worms
  20 ironbound convokers
  2 orange crystal statues (D:12)
  9 orb spiders
  9 shadow demons (Pan)
  3 swamp dragons
  62 deep trolls
  A spectral hydra (Swamp:4)
  An anaconda skeleton (Pan)
  2 obsidian statues
  16 phantasmal warriors
  4 harpies (Vaults:1)
  The ghost of pigah the Zephyrmancer, a novice OpAE (D:7)
  12 wizards
  4 orc knights
  10 necromancers
  A spectral wolf spider (Spider:4)
  18 deep elf zephyrmancers
  A mana viper (shapeshifter) (Depths:2)
  14 lindwurms
  39 ugly things
  11 wolf spiders
  5 cyclopes
  21 deep elf pyromancers
  2 wolf spider zombies
  10 orc sorcerers
  3 human zombies
  7 shining eyes
  2 will-o-the-wisps
  A shadow dragon skeleton (Vaults:4)
  4 manticores
  A salamander (D:15)
  2 fire giant skeletons (Vaults:3)
  13 elephants
  A toenail golem (Volcano)
  30 moths of wrath
  A stone giant skeleton (Crypt:1)
  Maurice (D:10)
  A black mamba (shapeshifter) (Elf:1)
  2 iron dragon skeletons
  18 vault sentinels
  6 black mambas
  2 eyes of devastation
  A naga zombie (Crypt:3)
  12 molten gargoyles
  2 gargoyles
  A rust devil (Hell)
  2 torpor snails (Spider:2)
  17 smoke demons
  14 orange demons (Pan)
  12 cane toads
  3 hellions
  2 naga skeletons
  A minotaur zombie (Crypt:3)
  6 rime drakes
  A green draconian zombie (Crypt:1)
  A yaktaur (shapeshifter) (Elf:3)
  13 efreet
  5 unseen horrors
  A spriggan zombie (Depths:2)
  11 komodo dragons
  9 tormentors
  47 yaktaurs
  3 spectral redbacks (Spider:4)
  3 swamp worm zombies (Swamp:4)
  3 dire elephant skeletons (Pan)
  2 tengu conjurers
  A golden dragon simulacrum (Depths:2)
  4 redback zombies (Spider:4)
  2 ice devils
  5 human skeletons
  4 freezing wraiths
  4 red devils (Pan)
  A harpy zombie (Crypt:3)
  15 guardian mummies
  3 polar bears
  6 trolls
  9 meliai
  3 hydra zombies (Swamp:4)
  3 spectral culicivoras (Spider:4)
  11 tyrant leeches
  11 hellwings (Pan)
  4 harpy skeletons (Pan)
  29 hornets
  5 bloated husks
  Prince Ribbit (D:7)
  31 tarantellas
  13 blink frogs
  7 dream sheep
  5 spectral swamp dragons (Swamp:4)
  A raiju (shapeshifter) (Elf:1)
  A spectral tarantella (Spider:4)
  A tarantella (shapeshifter) (Spider:3)
  A blink frog (shapeshifter) (Elf:1)
  A spectral jumping spider (Spider:4)
  2 culicivora zombies (Spider:4)
  4 alligator zombies (Swamp:4)
  21 culicivoras
  2 fire giant simulacra (Depths:2)
  37 jumping spiders
  121 slime creatures
  17 flying skulls
  2 shadows
  12 wraiths
  40 spriggans
  Sigmund (D:2)
  10 wyverns
  An ettin skeleton (Crypt:3)
  8 water elementals
  13 ynoxinuls (Pan)
  A hog (shapeshifter) (Elf:1)
  13 large abominations (Pan)
  4 humans (D:15)
  8 vampires
  A hog (D:15)
  40 yaks
  6 golden eyes
  Grum (D:11)
  19 basilisks
  4 vampire mosquitoes
  38 chaos spawn (Pan)
  50 redbacks
  4 neqoxecs (Pan)
  3 steam dragons
  7 fire elementals
  A warg (Orc:2)
  13 swamp worms
  A glowing shapeshifter zombie (Depths:3)
  A demonspawn zombie (Crypt:3)
  A two-headed ogre skeleton (Crypt:3)
  2 acid dragons
  18 water moccasins
  A floating eye (Depths:1)
  7 hell hounds
  A cane toad zombie (Crypt:2)
  A demonspawn skeleton (Pan)
  A glowing shapeshifter skeleton (Depths:3)
  4 swamp dragon zombies
  24 orc warriors
  A sky beast (D:7)
  7 ogres
  2 black bears
  4 swamp drakes
  5 boggarts
  A blink frog zombie (Crypt:3)
  12 wolves
  10 centaurs
  7 phantoms (Swamp:4)
  4 kobold brigands
  A hog skeleton (Crypt:1)
  A salamander zombie (Crypt:3)
  5 necrophages
  2 cyclops zombies (Orc:1)
  17 bullfrogs
  An elf skeleton (Crypt:3)
  8 scorpions
  5 earth elementals
  A water moccasin zombie (Crypt:3)
  15 wights
  4 killer bees
  A yak skeleton (Crypt:3)
  8 electric eels
  3 howler monkeys
  A wolf zombie (Crypt:3)
  5 lava snakes (Lair:5)
  8 hounds
  4 jellies
  3 gnoll boudas
  Crazy Yiuf (D:7)
  12 orc priests
  Jessica (D:2)
  6 iguanas
  A warg simulacrum (Orc:1)
  Natasha (thrice) (D:2)
  2 sleepcaps (D:5)
  41 orc wizards
  6 hell rats (D:15)
  A killer bee zombie (Crypt:1)
  A tengu skeleton (Crypt:1)
  15 mummies
  An ogre simulacrum (Orc:1)
  2 swamp drake zombies (Swamp:4)
  10 adders
  10 gnolls
  2 orc zombies (Orc:1)
  2 orc skeletons (Orc:1)
  5 shadow imps
  3 white imps
  An ufetubus (D:7)
  An iguana skeleton (Crypt:1)
  4 worms
  2 dart slugs
  94 orcs
  8 bats
  A bat zombie (Crypt:2)
  6 endoplasms
  3 giant cockroaches
  9 hobgoblins
  17 jackals
  2 quokkas (D:1)
  9 ball pythons
  A ball python skeleton (Crypt:2)
  A ball python zombie (Crypt:1)
  8 frilled lizards
  A gnoll skeleton (Crypt:1)
  8 goblins
  A hobgoblin zombie (Crypt:3)
  29 kobolds
  10 rats
  3 ball lightnings
  25 fire vortices
  A spectral weapon (Zot:5)
3085 creatures vanquished.

Vanquished Creatures (collateral kills)
  A royal mummy (Crypt:2)
  A Killer Klown (Zot:5)
  A golden dragon (Zot:2)
  A tentacled monstrosity (Depths:3)
  A titan (Vaults:5)
  A lich (Vaults:5)
  3 Orb Guardians (Zot:5)
  2 Executioners (Pan)
  A death cob (Zot:5)
  An acid blob (Slime:5)
  An ancient champion (Crypt:3)
  2 sphinxes (Tomb:1)
  A rockslime (Slime:3)
  An azure jelly (Slime:2)
  A draconian knight (Zot:4)
  2 iron dragons
  A ghoul (Crypt:3)
  A very ugly thing (Depths:4)
  A reaper (Pan)
  A demonspawn corrupter (Pan)
  A draconian stormcaller (Zot:5)
  A quicksilver ooze (Slime:4)
  A draconian annihilator (Zot:5)
  An ironbound preserver (Vaults:5)
  2 green draconians
  A vampire knight (Crypt:3)
  A purple draconian (Zot:3)
  A white draconian (Zot:1)
  An eidolon (Crypt:3)
  A yaktaur captain (Vaults:5)
  3 great orbs of eyes
  An ice dragon (Depths:2)
  A soul eater (Crypt:3)
  5 skeletal warriors (Crypt:3)
  A spriggan simulacrum (Crypt:3)
  A smoke demon (Pan)
  An orange demon (Pan)
  A green draconian zombie (Crypt:2)
  A hellwing (Pan)
  3 slime creatures
  A ynoxinul (Pan)
  3 golden eyes
  A neqoxec (Pan)
  A harpy simulacrum (Crypt:3)
  An ogre (Vaults:5)
  A necrophage (Crypt:3)
  2 mummies (Tomb:1)
  24 ball lightnings
88 creatures vanquished.

Vanquished Creatures (others)
  A vampire knight (Hell)
  A yaktaur captain (Depths:4)
  A deep troll earth mage (Depths:4)
  A hell knight (Depths:4)
  A deep elf zephyrmancer (Elf:1)
  A molten gargoyle (Hell)
  A hydra zombie (Swamp:4)
  2 bloated husks (Swamp:4)
  An air elemental (Elf:2)
  A human (D:15)
  299 ball lightnings
  689 fire vortices
  12 foxfires
1011 creatures vanquished.

Grand Total: 4184 creatures vanquished

Notes
Turn   | Place    | Note
-------+----------+-------------------------------------------
     0 | D:5      | petzl the Formicid Delver began the quest for the Orb.
     0 | D:5      | Reached XP level 1. HP: 18/18 MP: 1/1
    23 | D:6      | Identified the +2 short sword of Internal Strife {freeze,
                  | Contam rF- rN+++ SInv}
    56 | D:6      | Reached skill level 1 in Spellcasting
    56 | D:6      | Reached XP level 2. HP: 24/24 MP: 1/4
   166 | D:7      | Noticed pigah's ghost (novice OpAE)
   166 | D:7      | Found a runed translucent door.
   195 | D:7      | Noticed a wyvern
   203 | D:7      | Noticed a water moccasin
   353 | D:5      | Noticed a black bear
   519 | D:4      | Reached skill level 1 in Short Blades
   519 | D:4      | Reached XP level 3. HP: 19/29 MP: 6/6
   572 | D:5      | Noticed a bullfrog
   597 | D:4      | Reached XP level 4. HP: 35/35 MP: 6/8
  1028 | D:2      | Noticed Sigmund
  1032 | D:2      | You fall into a shaft and drop 2 floors!
  1146 | D:3      | Found an opulent altar of Gozag.
  1370 | D:1      | Learned a level 3 spell: Stone Arrow
  1373 | D:1      | Learned a level 2 spell: Sublimation of Blood
  1584 | D:1      | Found Tese's Weapon Emporium.
  1599 | D:1      | Reached XP level 5. HP: 41/41 MP: 9/9
  2219 | D:2      | Noticed Natasha
  2266 | D:2      | Noticed Jessica
  2293 | D:1      | Reached skill level 1 in Earth Magic
  2339 | D:2      | Killed Jessica
  2404 | D:2      | Reached skill level 1 in Armour
  2494 | D:2      | Reached XP level 6. HP: 47/47 MP: 11/11
  2560 | D:2      | Reached skill level 1 in Conjurations
  2918 | D:2      | You fall into a shaft and drop 2 floors!
  3143 | D:4      | Found a radiant altar of Vehumet.
  3150 | D:4      | Became a worshipper of Vehumet
  3761 | D:4      | Reached XP level 7. HP: 53/53 MP: 12/12
  3784 | D:4      | Found a shadowy altar of Dithmenos.
  3872 | D:2      | Killed Natasha
  4364 | D:4      | Reached skill level 2 in Conjurations
  4553 | D:5      | Identified the +0 robe of the Secret Loafs {Drain rF+
                  | Dex+4}
  4640 | D:5      | Found a burning altar of Makhleb.
  4652 | D:5      | Reached * piety under Vehumet
  4652 | D:5      | Offered knowledge of Magic Dart by Vehumet.
  4655 | D:5      | Learned a level 1 spell: Magic Dart
  4661 | D:5      | Learned a level 5 spell: Freezing Cloud
  5096 | D:4      | Reached XP level 8. HP: 53/60 MP: 14/14
  5431 | D:5      | Reached skill level 3 in Conjurations
  5748 | D:6      | Identified the ring of the Lily {rC+ Will+ Int+6}
  5761 | D:6      | Found a white marble altar of Elyvilon.
  5762 | D:6      | Found a glowing golden altar of the Shining One.
  5894 | D:6      | Found Wiga's Neck Hole.
  5900 | D:6      | Bought a scarf of repulsion for 132 gold pieces
  5933 | D:6      | Found a sparkling altar of Nemelex Xobeh.
  5948 | D:6      | Found a bloodstained altar of Trog.
  6033 | D:6      | Found a staircase to the Ecumenical Temple.
  6039 | Temple   | Entered the Ecumenical Temple
  6358 | D:6      | You fall into a shaft and drop 2 floors!
  7263 | D:9      | Reached skill level 5 in Earth Magic
  7263 | D:9      | Reached XP level 9. HP: 48/67 MP: 15/15
  7500 | D:6      | Reached skill level 5 in Fighting
  7500 | D:6      | Reached skill level 4 in Conjurations
  7994 | D:7      | Learned a level 3 spell: Ignite Poison
  8136 | D:7      | Noticed Prince Ribbit
  8187 | D:7      | Reached skill level 1 in Necromancy
  8323 | D:7      | You fall into a shaft and drop 1 floor!
  8418 | D:8      | Reached skill level 5 in Spellcasting
  8961 | D:8      | Reached skill level 5 in Conjurations
  9048 | D:8      | Found an ancient bone altar of Kikubaaqudgha.
  9327 | D:7      | Reached ** piety under Vehumet
  9335 | D:7      | Offered knowledge of Searing Ray by Vehumet.
  9514 | D:7      | Reached XP level 10. HP: 74/74 MP: 7/18
  9678 | D:7      | Killed Prince Ribbit
  9747 | D:7      | Noticed a two-headed ogre
  9939 | D:7      | Found a runed translucent door.
  9940 | D:7      | Noticed Crazy Yiuf
  9945 | D:7      | Killed Crazy Yiuf
 10186 | D:7      | Noticed a boulder beetle
 10423 | D:9      | Found a hide-covered altar of Uskayaw.
 10574 | D:9      | Found a blossoming altar of Fedhas.
 10649 | D:9      | Reached skill level 6 in Conjurations
 10962 | D:9      | Found a shimmering altar of Xom.
 10962 | D:9      | Noticed Dordric's ghost (novice DjMo)
 10963 | D:9      | Found a runed translucent door.
 10963 | D:9      | Noticed a +0 quarterstaff of chaos
 11032 | D:10     | Entered Level 10 of the Dungeon
 11045 | D:9      | Offered knowledge of Inner Flame by Vehumet.
 11204 | D:9      | You fall into a shaft and drop 1 floor!
 11626 | D:9      | Reached *** piety under Vehumet
 11692 | D:9      | Found a sacrificial altar of Ru.
 11761 | D:9      | Found a basalt altar of Yredelemnul.
 12447 | D:11     | Got Sif Muna's Incunabulum of the Lethal Serac
 12460 | D:10     | Learned a level 4 spell: Sticky Flame
 12631 | D:10     | Found a snail-covered altar of Cheibriados.
 12631 | D:10     | Noticed Snorg
 12636 | D:10     | Noticed Nergalle
 12642 | D:10     | Killed Nergalle
 12839 | D:10     | You fall into a shaft and drop 3 floors!
 12999 | D:13     | Found a glowing silver altar of Zin.
 13023 | D:13     | Reached XP level 11. HP: 79/79 MP: 6/20
 13520 | D:12     | Identified a scroll of acquirement
 13641 | D:11     | Found a staircase to the Orcish Mines.
 13771 | D:11     | Offered knowledge of Volatile Blastmotes by Vehumet.
 13772 | D:11     | Reached skill level 5 in Ice Magic
 13982 | D:11     | Noticed Grum
 13988 | D:11     | Killed Grum
 14478 | D:10     | Noticed a two-headed ogre
 14484 | D:10     | Killed a two-headed ogre
 14506 | D:10     | Noticed Maurice
 14591 | D:10     | Killed Maurice
 14742 | D:10     | Noticed Erolcha
 14749 | D:10     | Killed Erolcha
 14750 | D:10     | Reached skill level 5 in Air Magic
 14841 | D:10     | Reached skill level 5 in Necromancy
 14901 | D:10     | Learned a level 4 spell: Olgreb's Toxic Radiance
 15042 | D:10     | Reached **** piety under Vehumet
 15352 | D:10     | Reached XP level 12. HP: 40/91 MP: 7/21
 15352 | D:10     | You fall into a shaft and drop 3 floors!
 15700 | D:13     | Reached skill level 1 in Transmutations
 15979 | D:11     | Offered knowledge of Iskenderun's Battlesphere by Vehumet.
 16280 | D:12     | Noticed a two-headed ogre
 16298 | D:12     | Killed a two-headed ogre
 17294 | D:11     | Noticed a two-headed ogre
 17300 | D:11     | Killed a two-headed ogre
 17677 | D:10     | Found a staircase to the Lair.
 17685 | D:10     | Reached skill level 7 in Conjurations
 17910 | D:10     | Noticed a two-headed ogre
 17913 | D:10     | Killed a two-headed ogre
 18069 | Orc:1    | Entered Level 1 of the Orcish Mines
 18146 | Lair:1   | Entered Level 1 of the Lair of Beasts
 18262 | Lair:1   | Noticed a catoblepas
 18436 | D:10     | Killed Snorg
 19836 | D:13     | Reached XP level 13. HP: 96/99 MP: 11/24
 19909 | D:13     | Noticed a centaur warrior
 19913 | D:13     | Killed a centaur warrior
 20064 | D:13     | Noticed Gint's ghost (journeyman HOFi)
 20065 | D:13     | Found a transporter.
 20065 | D:13     | Identified the +7 great mace "Itheq" {venom, Drain rElec
                  | rC+ Int+2}
 20065 | D:13     | Identified the +5 great mace "Boan" {flame, rF+}
 20285 | D:14     | Noticed a vault guard
 20293 | D:14     | Noticed an ogre mage
 20296 | D:14     | Killed an ogre mage
 20324 | D:14     | Noticed a vault guard
 20327 | D:14     | Noticed a centaur warrior
 20640 | D:14     | Killed a vault guard
 20884 | D:15     | Entered Level 15 of the Dungeon
 21048 | D:14     | Noticed a vault guard
 21058 | D:14     | Killed a centaur warrior
 21485 | D:15     | Found a portal to a secret trove of treasure.
 21526 | D:15     | Noticed Kirke
 21531 | D:15     | Killed Kirke
 21743 | D:14     | Killed a vault guard
 21954 | D:14     | Killed a vault guard
 21961 | D:14     | Noticed an ogre mage
 21966 | D:14     | Killed an ogre mage
 22087 | D:14     | Noticed a vault guard
 22087 | D:14     | Noticed a vault guard
 22088 | D:14     | Found a gate to the Vaults.
 22267 | D:14     | Killed a vault guard
 22268 | D:14     | Reached skill level 1 in Poison Magic
 22271 | D:14     | Killed a vault guard
 22671 | Orc:1    | Reached ***** piety under Vehumet
 22671 | Orc:1    | Offered knowledge of Starburst by Vehumet.
 22795 | Orc:1    | Reached skill level 10 in Fighting
 22795 | Orc:1    | Reached skill level 1 in Shields
 23181 | Orc:1    | Reached skill level 8 in Conjurations
 23996 | Orc:2    | Entered Level 2 of the Orcish Mines
 24296 | Orc:2    | Found a staircase to the Elven Halls.
 24912 | Orc:2    | Noticed an ogre mage
 24924 | Orc:2    | Killed an ogre mage
 24925 | Orc:2    | Reached XP level 14. HP: 108/110 MP: 24/27
 25094 | Orc:2    | Found Adiaga's Jewellery Emporium.
 25107 | Orc:2    | Found an ancient bone altar of Kikubaaqudgha.
 25240 | Orc:2    | Reached skill level 5 in Poison Magic
 25535 | Orc:2    | Found a radiant altar of Vehumet.
 25720 | Orc:2    | Found Zussytha's Antique Armour Shoppe.
 25720 | Orc:2    | Found Teby's Antique Weapon Emporium.
 25744 | Orc:2    | Found Fyokebb's Magic Scroll Emporium.
 25768 | Orc:2    | Bought a masterwork scale mail for 324 gold pieces
 25768 | Orc:2    | Identified the +5 scale mail "Hocriust" {Int+2 Dex+6} (You
                  | bought it in a shop on level 2 of the Orcish Mines)
 26235 | Lair:1   | Reached skill level 1 in Fire Magic
 26273 | Lair:1   | Offered knowledge of Yara's Violent Unravelling by Vehumet.
 28234 | Lair:2   | Reached skill level 5 in Shields
 28532 | Lair:2   | Reached skill level 10 in Spellcasting
 29189 | Lair:3   | Reached XP level 15. HP: 118/118 MP: 29/29
 29606 | Lair:3   | Reached skill level 9 in Conjurations
 29698 | Lair:3   | Found a staircase to the Swamp.
 29847 | Lair:3   | Reached skill level 5 in Fire Magic
 29848 | Lair:3   | Reached skill level 5 in Armour
 29947 | Lair:3   | Found a hole to the Spider Nest.
 29972 | Lair:3   | Noticed Nessos
 29979 | Lair:3   | Killed Nessos
 30135 | Lair:3   | Found a transporter.
 30146 | Lair:3   | Found a transporter.
 30151 | Lair:3   | Noticed soylentgreeen202's ghost (adept DgAE)
 30156 | Lair:3   | Found a bloodstained altar of Trog.
 30499 | Lair:4   | Reached ****** piety under Vehumet
 30499 | Lair:4   | Offered knowledge of Conjure Ball Lightning by Vehumet.
 30563 | Lair:4   | Found a dark tunnel.
 30572 | Lair:4   | Gained mutation: You are robust. (+10% HP) [potion of
                  | mutation]
 30619 | Lair:4   | Acquired 877 gold pieces
 30621 | Lair:4   | Acquired the +2 pair of slick slippers {slick, slippery,
                  | EV+4}
 30621 | Lair:4   | Found the +2 pair of slick slippers {slick, slippery, EV+4}
 30635 | Volcano  | Entered a volcano
 31928 | Lair:5   | Entered Level 5 of the Lair of Beasts
 31999 | Lair:4   | Found a staircase to the Slime Pits.
 32076 | Lair:4   | Reached skill level 1 in Ranged Weapons
 32076 | Lair:4   | Reached skill level 1 in Evocations
 32937 | Lair:4   | You fall into a shaft and drop 1 floor!
 33140 | Lair:5   | Found the +3 pair of mountain boots {steadfast, rC+}
 33154 | Lair:5   | Identified the +5 ring mail "Afulog" {Int+3 Stlth+}
 33198 | Lair:5   | Reached XP level 16. HP: 136/139 MP: 29/30
 33438 | Lair:5   | Offered knowledge of Leda's Unmaking by Vehumet.
 33868 | Lair:5   | Found a large runed translucent door.
 33868 | Lair:5   | Found a large runed translucent door.
 34683 | Lair:5   | Identified the +0 chain mail "Figiuk" {rElec}
 35001 | D:10     | Learned a level 2 spell: Poisonous Vapours
 35124 | Spider:1 | Entered Level 1 of the Spider Nest
 35578 | Spider:1 | Offered knowledge of Irradiate by Vehumet.
 36973 | Spider:2 | Reached XP level 17. HP: 90/146 MP: 24/32
 36997 | Spider:2 | You fall into a shaft and drop 1 floor!
 36997 | Spider:3 | Noticed Asterion
 37281 | Spider:2 | Reached skill level 10 in Conjurations
 37583 | Spider:2 | You fall into a shaft and drop 1 floor!
 38192 | Spider:2 | Noticed Arachne
 38196 | Spider:2 | You fall into a shaft and drop 1 floor!
 38388 | Spider:4 | Entered Level 4 of the Spider Nest
 38831 | Spider:2 | Offered knowledge of Lee's Rapid Deconstruction by Vehumet.
 39296 | Spider:2 | You fall into a shaft and drop 1 floor!
 39771 | Swamp:1  | Entered Level 1 of the Swamp
 39777 | Swamp:1  | Noticed a tentacled monstrosity
 40448 | D:2      | Noticed Natasha
 40452 | D:2      | Killed Natasha
 40553 | D:2      | Noticed Natasha
 40555 | D:2      | Killed Natasha
 40578 | D:2      | Killed Sigmund
 40700 | D:7      | Killed pigah's ghost
 40885 | D:7      | Identified the staff of death "Ammeciwk" {rN+ Dex+2}
 41273 | D:7      | Learned a level 4 spell: Iskenderun's Mystic Blast
 41779 | D:9      | You fall into a shaft and drop 3 floors!
 41909 | D:9      | Killed Dordric's ghost
 42419 | D:12     | You fall into a shaft and drop 1 floor!
 42600 | D:12     | Identified the +3 battleaxe of Zinwookhee {drain, Will+}
 42606 | D:12     | You fall into a shaft and drop 3 floors!
 43602 | D:15     | Found a staircase to the Depths.
 43608 | Depths:1 | Entered Level 1 of the Depths
 43662 | Depths:1 | Reached skill level 1 in Translocations
 44495 | D:15     | Reached XP level 18. HP: 125/154 MP: 26/33
 45100 | Elf:1    | Entered Level 1 of the Elven Halls
 45186 | Elf:1    | Offered knowledge of Spellforged Servitor by Vehumet.
 45195 | Elf:1    | Found a flickering gateway to a bazaar.
 45217 | Bazaar   | Entered a bazaar
 45217 | Bazaar   | Found Dotoz's Armour Shop.
 45217 | Bazaar   | Found Coxeturph's Antique Weapon Emporium.
 45223 | Bazaar   | Found Ifaqov's Magic Scroll Emporium.
 45229 | Bazaar   | Found Feifuec's Magic Scroll Boutique.
 45327 | Bazaar   | Bought the +5 Storm Queen's Shield {shock, Fly rElec} for
                  | 684 gold pieces
 45327 | Bazaar   | Found the +5 Storm Queen's Shield {shock, Fly rElec}
 45339 | Bazaar   | Bought a +1 cloak of preservation for 247 gold pieces
 45374 | Bazaar   | Bought 3 scrolls of enchant weapon for 292 gold pieces
 45383 | Bazaar   | Bought a scroll of fear for 76 gold pieces
 45383 | Bazaar   | Bought 3 scrolls of enchant weapon for 427 gold pieces
 45402 | Bazaar   | Bought a scroll of poison for 52 gold pieces
 45435 | Elf:1    | Reached skill level 10 in Ice Magic
 45749 | Elf:3    | Entered Level 3 of the Elven Halls
 46336 | Elf:1    | Found an ancient bone altar of Kikubaaqudgha.
 46433 | Elf:1    | Identified the +6 mace of Jiphat {spect, rN++ Will- Int+4}
 47013 | Elf:1    | Noticed an Ice Fiend
 47415 | Lair:3   | You are sucked into a shaft and drop 2 floors!
 47490 | Lair:3   | Killed a tentacled monstrosity
 47758 | Swamp:1  | Reached skill level 11 in Conjurations
 47939 | Swamp:2  | Identified Roxanne's Handbook of Changing
 47939 | Swamp:2  | Noticed Roxanne
 48068 | Swamp:2  | Offered knowledge of Lehudib's Crystal Spear by Vehumet.
 48068 | Swamp:2  | Offered knowledge of Fire Storm by Vehumet.
 48068 | Swamp:2  | Offered knowledge of Chain Lightning by Vehumet.
 49633 | Swamp:2  | Reached skill level 10 in Armour
 49760 | Swamp:2  | Reached skill level 10 in Shields
 50071 | Swamp:2  | Reached skill level 5 in Translocations
 50365 | Swamp:3  | Noticed a tentacled monstrosity
 50467 | Swamp:3  | Reached XP level 19. HP: 162/162 MP: 24/35
 50480 | Swamp:3  | Noticed a tentacled monstrosity
 51540 | Elf:1    | Found a runed translucent gate.
 51540 | Elf:1    | Found a runed translucent gate.
 51540 | Elf:1    | Found a runed translucent gate.
 51540 | Elf:1    | Found a runed translucent gate.
 51540 | Elf:1    | Found a runed translucent gate.
 51542 | Elf:1    | Found a runed translucent gate.
 51735 | Elf:1    | Noticed Agnes
 51740 | Elf:1    | Killed Agnes
 52034 | Elf:2    | Noticed Nikola
 52044 | Elf:2    | Killed Nikola
 52240 | Elf:2    | Reached skill level 10 in Necromancy
 52470 | Elf:2    | Found a runed translucent gate.
 52471 | Elf:2    | Found a runed translucent gate.
 52471 | Elf:2    | Found a runed translucent gate.
 52651 | Elf:2    | Found Ross's Magic Scroll Shoppe.
 52665 | Elf:2    | Bought a scroll of fear for 48 gold pieces
 52665 | Elf:2    | Bought a scroll of butterflies for 48 gold pieces
 52665 | Elf:2    | Bought a scroll of enchant weapon for 90 gold pieces
 52665 | Elf:2    | Bought a scroll of magic mapping for 90 gold pieces
 52771 | Elf:2    | Identified the amulet of Setidya {Spirit rElec Regen+}
 54032 | Elf:2    | Found a shimmering blue altar of Sif Muna.
 55277 | Elf:3    | Identified the +4 quarterstaff "Biureor" {heavy, rN+ Dex+5}
 55277 | Elf:3    | Identified the amulet "Zefim" {Acrobat Slay+2 SInv}
 55982 | Elf:3    | Identified the amulet of Paranoia {Acrobat Regen+ Str+3
                  | Int+3}
 56314 | Elf:3    | Reached skill level 10 in Fire Magic
 56328 | Elf:3    | Identified the +1 leather armour "Lunen" {rN++ SInv}
 56328 | Elf:3    | Identified the ring "Taggint" {rElec rC+ Dex+3 Slay+3}
 56963 | Elf:3    | Noticed a deep elf blademaster
 56967 | Elf:3    | Killed a deep elf blademaster
 56968 | Elf:3    | Reached XP level 20. HP: 173/173 MP: 27/37
 57113 | Elf:3    | Reached skill level 12 in Conjurations
 57203 | Elf:3    | Got the Textbook on Indurated Rime
 57208 | Elf:3    | Learned a level 3 spell: Ozocubu's Armour
 57230 | Elf:3    | Identified the staff of fire "Mecouwaumemn" {rElec rF+}
 57240 | Elf:3    | Identified the staff of death "Esyack" {rPois rF+ rN+
                  | Str-2}
 57251 | Elf:3    | Identified the +1 hat of Kiorrono {SInv}
 57257 | Elf:3    | Got the Essays on the Map
 58315 | Elf:2    | Noticed Donald
 58321 | Elf:2    | Killed Donald
 58444 | Elf:2    | You are sucked into a shaft and drop 1 floor!
 60690 | Depths:1 | Found a gateway to Hell.
 60691 | Depths:1 | Noticed a hellephant
 61340 | Orc:2    | Bought a runed scarf for 288 gold pieces
 61780 | Depths:1 | Reached skill level 13 in Conjurations
 62007 | Depths:1 | Killed a hellephant
 62308 | Depths:1 | Learned a level 4 spell: Passage of Golubria
 62411 | Depths:1 | Noticed a golden dragon
 62491 | Depths:1 | Killed a golden dragon
 62698 | Depths:2 | Found a one-way gate leading to the halls of Pandemonium.
 62878 | Depths:2 | Found a one-way gate to the infinite horrors of the Abyss.
 63273 | Depths:3 | Reached XP level 21. HP: 180/180 MP: 20/38
 65469 | Depths:2 | Reached skill level 10 in Translocations
 65563 | Depths:2 | Reached skill level 14 in Conjurations
 65657 | Depths:2 | Identified the +3 pair of gloves "Arisup" {Int+6}
 65680 | Depths:2 | Learned a level 9 spell: Fire Storm
 66163 | Swamp:4  | Entered Level 4 of the Swamp
 67331 | Swamp:3  | Learned a level 3 spell: Mephitic Cloud
 68167 | Swamp:4  | Reached XP level 22. HP: 177/188 MP: 15/40
 68591 | Swamp:4  | Noticed a bone dragon
 68711 | Swamp:4  | Killed a bone dragon
 69070 | Swamp:4  | Got a decaying rune of Zot
 69241 | Swamp:2  | Killed Roxanne
 69479 | Lair:3   | Killed soylentgreeen202's ghost
 69852 | Vaults:1 | Entered Level 1 of the Vaults
 70008 | Vaults:2 | Noticed Sojobo
 70134 | Vaults:1 | Found Zesudd's Book Boutique.
 70140 | Vaults:1 | Bought the Lectures on Blazing Conduction for 768 gold
                  | pieces
 70266 | D:10     | Learned a level 6 spell: Conjure Ball Lightning
 70761 | Vaults:1 | Noticed Saint Roka
 70776 | Vaults:1 | Killed Saint Roka
 70946 | Vaults:1 | Noticed Zenata
 71715 | Vaults:2 | Reached skill level 5 in Ranged Weapons
 72090 | Vaults:2 | Reached skill level 15 in Spellcasting
 72125 | Vaults:2 | Reached skill level 10 in Stealth
 72158 | Vaults:2 | Noticed Jory
 72173 | Vaults:2 | Killed Jory
 72519 | Vaults:2 | Reached XP level 23. HP: 194/194 MP: 40/42
 73177 | Vaults:1 | Identified the +3 tower shield of Summer {Harm rCorr Dex+5}
 73642 | Vaults:3 | Reached skill level 15 in Conjurations
 74125 | Vaults:2 | Found a staircase to the Crypt.
 74289 | Crypt:1  | Entered Level 1 of the Crypt
 74582 | Vaults:2 | Killed Sojobo
 75414 | Vaults:3 | Reached skill level 15 in Fire Magic
 75584 | Vaults:4 | Noticed Mara
 75601 | Vaults:4 | Killed Mara
 76239 | Vaults:4 | Reached XP level 24. HP: 202/202 MP: 31/43
 77443 | Vaults:3 | Reached skill level 15 in Shields
 77737 | Vaults:3 | Reached XP level 25. HP: 209/209 MP: 43/44
 80133 | Crypt:2  | Noticed Khufu
 80140 | Crypt:1  | Reached skill level 16 in Conjurations
 80577 | Crypt:2  | Noticed a royal mummy
 82280 | Spider:3 | Gained mutation: You occasionally shout uncontrollably at
                  | your foes. [a cacodemon]
 82283 | Spider:3 | Killed Asterion
 82284 | Spider:3 | Reached XP level 26. HP: 216/216 MP: 39/45
 82339 | Spider:3 | Identified the +11 short sword "Ant's Foe" {holy, +Blink
                  | rF- rC+++ Str-5}
 83360 | Spider:4 | Got a gossamer rune of Zot
 83848 | Spider:2 | Killed Arachne
 84427 | D:10     | Learned a level 8 spell: Ignition
 85677 | D:13     | Found a transporter.
 85684 | D:13     | Killed Gint's ghost
 86075 | Depths:3 | Reached skill level 17 in Conjurations
 86452 | Depths:3 | Found a one-way gateway to a ziggurat.
 86835 | Depths:3 | Found a transporter.
 86912 | Depths:3 | Noticed a juggernaut
 86916 | Depths:3 | Noticed a juggernaut
 86963 | Depths:3 | Found a transporter.
 87059 | Depths:4 | Entered Level 4 of the Depths
 87279 | Depths:3 | Found a shadowy altar of Dithmenos.
 87901 | Depths:4 | Reached XP level 27. HP: 189/223 MP: 13/46
 88013 | Depths:4 | Reached skill level 18 in Conjurations
 88218 | Depths:4 | Gained mutation: You are vulnerable to heat. (rF-) [a
                  | shining eye]
 88558 | Depths:4 | Noticed a juggernaut
 88566 | Depths:4 | Killed a juggernaut
 89040 | Depths:4 | Found a viscous altar of Jiyva.
 89257 | Depths:4 | Found a gate to the Realm of Zot.
 90045 | D:10     | Lost mutation: You occasionally shout uncontrollably at
                  | your foes. [potion of mutation]
 90045 | D:10     | Lost mutation: You are vulnerable to heat. (rF-) [potion of
                  | mutation]
 90045 | D:10     | Lost mutation: You are robust. (+10% HP) [potion of
                  | mutation]
 90045 | D:10     | Gained mutation: You are clumsy. (Dex -2) [potion of
                  | mutation]
 90045 | D:10     | Gained mutation: Your system is resistant to poisons.
                  | (rPois) [potion of mutation]
 90045 | D:10     | Gained mutation: Your mind is acute. (Int +4, Str/Dex -1)
                  | [potion of mutation]
 90212 | Vaults:1 | Bought a manual of Air Magic for 1280 gold pieces
 90419 | Slime:1  | Entered Level 1 of the Pits of Slime
 90922 | Slime:3  | Reached skill level 19 in Conjurations
 91086 | Slime:5  | Entered Level 5 of the Pits of Slime
 91118 | Slime:5  | Noticed the Royal Jelly
 91122 | Slime:5  | Killed the Royal Jelly
 91774 | Slime:4  | Gained mutation: You are frail. (-10% HP) [a shining eye]
 92735 | Slime:5  | Found the +10 zealot's sword {holy, Zealotry, *Rage rN+
                  | EV+3}
 92736 | Slime:5  | Found the macabre finger necklace {Finger+ rN+}
 92753 | Slime:5  | Identified the +4 scale mail of Resonance {rF++ rN+ Regen+
                  | Int-4}
 92758 | Slime:5  | Identified the +10 orcbow "Orb Guardian's Doom" {drain,
                  | rElec rN+ SInv Stlth-}
 92762 | Slime:5  | Got the Atlas of the Snake and Rot
 92817 | Slime:5  | Got a slimy rune of Zot
 92844 | Slime:5  | Identified the +8 great mace of Inference {heavy, rC+ Will+
                  | SInv}
 93460 | D:15     | You showed the slimy rune of Zot to enter a treasure trove
 93461 | Trove    | Entered a treasure trove
 93475 | Trove    | Got the Discursus on the Jinx
 93479 | Trove    | Got the Tome of Hurtful Profane Rituals
 93500 | Trove    | Got Sif Muna's Folio of the Disjunct Cure
 93510 | Trove    | Got the Lectures on Mutagenic Aeromancy
 93513 | Trove    | Got Sif Muna's Disquisition on the Mausoleum
 93521 | Trove    | Got Sif Muna's Occult Journal of Boris
 93650 | D:10     | Learned a level 7 spell: Orb of Destruction
 94026 | Crypt:2  | Reached skill level 1 in Long Blades
 94026 | Crypt:2  | Killed a royal mummy
 94128 | Crypt:1  | Killed Khufu
 94129 | Crypt:1  | Reached skill level 10 in Air Magic
 94352 | Crypt:3  | Entered Level 3 of the Crypt
 94994 | Crypt:3  | Reached skill level 20 in Conjurations
 95474 | Crypt:3  | Identified the ring of Atu Arof {rN+ Will- Dex+8}
 95537 | Crypt:3  | Identified the +8 trident of Turmoil {freeze, Fragile
                  | +Blink Fly Dex-3}
 95612 | Crypt:3  | Found a staircase to the Tomb.
 95705 | Crypt:3  | Found a runed translucent door.
 95706 | Crypt:3  | Noticed Omoexics's ghost (veteran DsGl)
 95853 | Crypt:3  | Found an ancient bone altar of Kikubaaqudgha.
 95857 | Crypt:3  | Identified the ring "Caypserat" {rN+ Int+3}
 95860 | Crypt:3  | Found a basalt altar of Yredelemnul.
 95893 | Crypt:3  | Identified the ring "Yfufer Miargh" {Fly Will+ Slay+3}
 95920 | Crypt:3  | Found the +10 Black Knight's barding {ponderous, rPois rN+}
 95926 | Crypt:3  | Identified the staff of death "Utim Bio" {rN+ Str+2}
 96208 | Crypt:3  | Killed Omoexics's ghost
 96319 | Tomb:1   | Entered Level 1 of the Tomb of the Ancients
 97238 | Tomb:1   | Noticed a royal mummy
 97242 | Tomb:1   | Killed a royal mummy
 97320 | Tomb:1   | Noticed a royal mummy
 97325 | Tomb:1   | Killed a royal mummy
 98414 | Depths:3 | Killed a juggernaut
 98415 | Depths:3 | Reached skill level 21 in Conjurations
 98415 | Depths:3 | Killed a juggernaut
 98420 | Depths:3 | Got the Octavo of Imprecation
 98503 | Hell     | Entered the Vestibule of Hell
 98503 | Hell     | Noticed Geryon
 98512 | Hell     | Killed Geryon
 98626 | Zot:1    | Entered Level 1 of the Realm of Zot
100269 | Zot:2    | Identified the +4 morningstar "Jegyg" {drain, Int+2}
101012 | Zot:3    | Noticed a Killer Klown
101015 | Zot:3    | Killed a Killer Klown
101016 | Zot:3    | Reached skill level 22 in Conjurations
102257 | Zot:4    | Reached skill level 5 in Dodging
102264 | Zot:5    | Entered Level 5 of the Realm of Zot
103599 | Zot:5    | Noticed a dread lich
103617 | Zot:5    | Killed a Killer Klown
103635 | Zot:5    | Noticed an orb of fire
103739 | Zot:5    | Noticed an orb of fire
103748 | Zot:5    | Noticed a dread lich
103750 | Zot:5    | Killed an orb of fire
103754 | Zot:5    | Killed a dread lich
103755 | Zot:5    | Reached skill level 15 in Fighting
103765 | Zot:5    | Gained mutation: You occasionally lose the ability to drink
                  | potions when taking damage. [an orb of fire]
103766 | Zot:5    | Noticed an ancient lich
103766 | Zot:5    | Noticed a Killer Klown
103773 | Zot:5    | Killed a Killer Klown
103773 | Zot:5    | Gained mutation: Armour fits poorly on your strangely
                  | shaped body. [an orb of fire]
103862 | Zot:4    | @@@Scroll of butterflies SAVED MY FUCKING LIFE !
103919 | Zot:5    | Killed a dread lich
103941 | Zot:5    | Killed an ancient lich
103977 | Zot:5    | Noticed a Killer Klown
103981 | Zot:5    | Killed a Killer Klown
104043 | Zot:5    | Noticed a dread lich
104047 | Zot:5    | Killed a dread lich
104513 | Zot:5    | Noticed a dread lich
104522 | Zot:5    | Killed a dread lich
104543 | Zot:5    | Gained mutation: You are strong-willed. (Will+) [an orb of
                  | fire]
104544 | Zot:5    | Killed an orb of fire
105973 | D:10     | Lost mutation: Armour fits poorly on your strangely shaped
                  | body. [potion of mutation]
105973 | D:10     | Lost mutation: You are strong-willed. (Will+) [potion of
                  | mutation]
105973 | D:10     | Lost mutation: You are frail. (-10% HP) [potion of
                  | mutation]
105973 | D:10     | Lost mutation: You occasionally lose the ability to drink
                  | potions when taking damage. [potion of mutation]
105973 | D:10     | Gained mutation: You occasionally lose the ability to read
                  | scrolls when taking damage. [potion of mutation]
105973 | D:10     | Gained mutation: Your mind is very acute. (Int +8, Str/Dex
                  | -2) [potion of mutation]
105974 | D:10     | Lost mutation: You occasionally lose the ability to read
                  | scrolls when taking damage. [potion of mutation]
105974 | D:10     | Lost mutation: Your system is resistant to poisons. (rPois)
                  | [potion of mutation]
105974 | D:10     | Lost mutation: You are clumsy. (Dex -2) [potion of
                  | mutation]
106255 | Hell     | Found a gateway to the Iron City of Dis.
106613 | Hell     | Found a gateway to the freezing wastes of Cocytus.
106678 | Hell     | Found a gateway to the ashen valley of Gehenna.
106769 | Hell     | Found a gateway to the decaying netherworld of Tartarus.
106975 | Geh:1    | Entered Level 1 of Gehenna
107414 | Vaults:1 | Killed Zenata
107762 | Vaults:5 | Entered Level 5 of the Vaults
107779 | Vaults:5 | Reached skill level 23 in Conjurations
108096 | Vaults:5 | Noticed a dread lich
108103 | Vaults:4 | Killed a dread lich
108421 | Vaults:5 | Identified the amulet "Ciriagull" {Contam Rampage rC+
                  | Regen+}
108567 | Vaults:5 | Identified the ring of the Suburbs {rF+ rCorr}
108810 | Vaults:5 | Found Zaapp's Armour Boutique.
108902 | Vaults:5 | Noticed a dread lich
108905 | Vaults:5 | Killed a dread lich
109209 | Vaults:5 | Identified the +9 flail "Dauris" {drain, Int+3}
109434 | Vaults:5 | Identified the +5 ring mail "Aguokebe" {*Slow rPois rCorr}
109469 | Vaults:5 | Got a silver rune of Zot
110641 | Orc:2    | Bought a scroll of amnesia for 44 gold pieces
110641 | Orc:2    | Bought a scroll of amnesia for 44 gold pieces
110641 | Orc:2    | Bought a scroll of amnesia for 44 gold pieces
110641 | Orc:2    | Bought a scroll of amnesia for 44 gold pieces
110652 | Orc:2    | Learned a level 9 spell: Polar Vortex
110675 | Orc:2    | Bought the sphere of Battle for 2880 gold pieces
110675 | Orc:2    | Found the sphere of Battle
110991 | Pan      | Entered Pandemonium
111130 | Pan      | Reached skill level 5 in Long Blades
111419 | Pan      | Noticed Tarchug the pandemonium lord
111429 | Pan      | Killed Tarchug the pandemonium lord
113057 | Pan      | Noticed Fyzeclit the pandemonium lord
113060 | Pan      | Killed Fyzeclit the pandemonium lord
113099 | Pan      | Identified the +6 orcbow of Vybamej {elec, rF- rN+ Str+6
                  | Int-5 Dex+3}
113549 | Pan      | Entered the realm of Gloorx Vloq.
113785 | Pan      | Found an exit through the horrors of the Abyss.
114708 | Pan      | Noticed Gloorx Vloq
114720 | Pan      | Killed Gloorx Vloq
114756 | Pan      | Reached skill level 15 in Ice Magic
114818 | Pan      | Got a dark rune of Zot
115132 | Pan      | Identified the +3 rapier "Ecetasei" {flame, rPois}
115459 | Pan      | Found an exit through the horrors of the Abyss.
115846 | Pan      | Noticed Kibewk the pandemonium lord
115851 | Pan      | Killed Kibewk the pandemonium lord
115946 | Pan      | Got a demonic rune of Zot
116688 | Pan      | Noticed Uxzemao the pandemonium lord
116702 | Pan      | Killed Uxzemao the pandemonium lord
117369 | Pan      | Entered the realm of Cerebov.
117382 | Pan      | Upgraded the game from 0.31-a0-133-gaae73658be to
                  | 0.31-a0-150-g89dc3ad700
117485 | Pan      | Found an exit through the horrors of the Abyss.
117717 | Pan      | Identified the +5 war axe of the Shining Light {venom, rC+
                  | rN+ Dex+4}
118072 | Pan      | Identified the +1 robe of Good Intentions {Dex+3}
118177 | Pan      | Found the +6 sword of Cerebov {flame}
118177 | Pan      | Noticed Cerebov
118669 | Pan      | HP: 4/220 [spore (12)]
118669 | Pan      | Killed Cerebov
118669 | Pan      | Killed by an exploding ball lightning

Illustrated notes

#.# #.# #.# #.# #.# #.#
#.#####.########
#..............#
#########'######.########
#..........#####.##......
#..........'......'......
#..........########......
#..........# #......
#..........# #......
#..........# #......
#..........# #......
#..........# #......
#..........# #......
#.>....>...# #......
#..........# #......
#..........# #......
#......@...# #......
#..........# ###......
#..........# ##.##'####
#..........# ##.#.#...v.
#..........# #.###......
#..........# ##...'.v...
#..?......)#####.###..dv.
#.........)'.)..v# #.†[.○
#..........#####.# #...v☼
##'######### #y# #.....
#.# ##########.# #.....
#.####..........######'#
#..(....#####.#......#.#
######..# #.######.#.#
#..#####.### #.#.#
#..........# #.#.#
########'####.##.# #....
#..........##.##.# #.###
#..........'..##.# #.#


Turn 103862 on Zot:4: Scroll of butterflies SAVED MY FUCKING LIFE !

Levels and vault maps discovered:
D:1:      minmay_arrival_radiant_lines, layout_basic, serial_shops, shop
D:2:      layout_loops_ring, minmay_indecisive_spiral, uniq_jessica,
          uniq_sigmund, uniq_natasha
D:3:      layout_loops_ring, grunt_gozag_breadcrumbs
D:4:      layout_layer_cave, nicolae_vehumet_altar_sigil, marbit_many_paths,
          nrook_mini_vaults
D:5:      layout_loops_ring, mainiacjoe_overflow_surrounded_room
D:6:      layout_basic, grunt_temple_overflow_open, temple_green,
          nicolae_shop_sticking_my_neck_out
D:7:      nzn_winding_woodlands_large [nzn_winding_woodlands_hourglass,
          nzn_winding_woodlands_5x15_longhouse,
          nzn_winding_woodlands_5x5_default,
          nzn_winding_woodlands_center_diamonds,
          nzn_winding_woodlands_15x15_boxy_spiral,
          nzn_winding_woodlands_center_garden, nzn_winding_woodlands_5x5_cross,
          nzn_winding_woodlands_5x15_parted,
          nzn_winding_woodlands_5x5_checkerboard], layout_rooms,
          hellmonk_ghost_happy_afterlife, uniq_prince_ribbit1,
          uniq_crazy_yiuf_cottage
D:8:      layout_basic, kiku_gazebo_garden_becter, patterned_corridor
D:9:      layout_roguey, nicolae_overflow_hidden_temple,
          nicolae_overflow_squiral, fedhas_altar_2, ebering_ghost_xom,
          chequers_serial_rivers_small_a, chequers_decorated_corner
D:10:     layout_rooms, slow_altar_2, erik_lair_island, minivault_16,
          uniq_maurice, uniq_erolcha, uniq_snorg, uniq_nergalle
D:11:     layout_grid_maze, minmay_orc_entry_temple_small, uniq_grum
D:12:     layout_cave_pods, minmay_more_statues
D:13:     layout_rooms, gammafunk_ghost_smash, zin_statuary
D:14:     layout_gridville, grunt_vaults_entry_fortified, nrook_uturn,
          corexii_hall_statues_u
D:15:     hangedman_depths_entry_try_elsewhere_first, layout_cave_pools,
          special_room [special_room_mythical_zoo], palyth_stone_intersect,
          nicolae_trove_entry_free_sample, minmay_misc_feat_roman,
          serial_bayou_lake_a, uniq_kirke
Temple:   nicolae_temple_superstar
Lair:1:   layout_long_grid, minivault_24, minmay_shattered_shrine,
          serial_bayou_shore_a, infiniplex_staircase_pool
Lair:2:   layout_long_grid, dreamdust_deal_with_the_devil
Lair:3:   layout_loops_ring, minmay_swamp_entry_reptiles,
          nicolae_spider_entry_non_spiders, gammafunk_ghost_wrathful_warriors,
          st_stairs_10, lemuel_fruit_fields, grunt_megastairs_4, uniq_nessos
Lair:4:   layout_regular_city, slime_entry_1, lightli_volcano_entry_magma_tube,
          serial_bayou_lagoon_a, small_statue_intersection, grunt_megastairs_3
Lair:5:   cheibrodos_lair_end_hotspot, layout_regular_city
Swamp:1:  layout_basic_swamp, evilmike_swamp_ruin_house_1
Swamp:2:  layout_falls_marsh, evilmike_swamp_ruin_rubble_1,
          nicolae_swamp_rocky_clearing, nicolae_swamp_super_fun_site,
          infiniplex_staircase_pool_2, uniq_roxanne
Swamp:3:  nicolae_swamp_secret_spriggan_hideout, layout_basic_swamp,
          evilmike_swamp_ruin_house_3, swamp_pool4
Swamp:4:  swamp_pestilence, layout_basic_swamp
Spider:1: nicolae_spider_jumping_over_cracks [nicolae_spider_jumping_sub_rim,
          nicolae_spider_jumping_sub_stairs, nicolae_spider_jumping_sub_offset,
          nicolae_spider_jumping_sub_empty]
Spider:2: layout_cave_pods, beargit_elvish_explorers, uniq_arachne
Spider:3: layout_spider_delve, drop_trap, hellmonk_deceptive_appearances,
          uniq_asterion
Spider:4: floodkiller_spider_rune_tomb, drop_trap, hellmonk_test_site
Slime:1:  layout_caves
Slime:2:  layout_caves
Slime:3:  layout_caves
Slime:4:  layout_caves
Slime:5
Orc:1:    dreamdust_under_siege, layout_diamond_mine, serial_shops
Orc:2:    kennysheep_orc_mage_school, layout_caves, lightli_orcish_oven
Elf:1:    layout_geoelf_diagonals, basic_altar, serial_shops, bzr_entry_gold,
          orc_legates, serial_sigils_hangedman_stare, uniq_agnes
Elf:2:    nicolae_elf_blades_crystal_corner, layout_geoelf_diagonals,
          serial_shops, nicolae_shop_window_shopping,
          minmay_the_grid_square_5x5_3x3_mashed [minmay_the_grid_square_5x5_six,
          minmay_the_grid_square_5x5_trominoes,
          minmay_the_grid_square_5x5_empty,
          minmay_the_grid_square_5x5_gyroscope,
          minmay_the_grid_square_5x5_megaprize_open,
          minmay_the_grid_square_5x5_eight_small,
          minmay_the_grid_square_5x5_minimal, minmay_the_grid_square_5x5_two,
          minmay_the_grid_square_5x5_slash], lemuel_upstairs_altar, uniq_donald,
          uniq_nikola
Elf:3:    minmay_elf_hall_statues, layout_loops_corners
Vaults:1: hangedman_vaults_maws, vaults_dpeg_doors, st_octagons_1,
          nicolae_vaults_mini_display_case, v_misc_23,
          nicolae_vaults_hallways_thing, grunt_vaults_diagonal,
          ontoclasm_vaults_claustrophobia, nicolae_vaults_ring_of_whatevers,
          nicolae_vaults_surprise_closet, nicolae_vaults_tetromino_T_1,
          layout_vaults_omnicross, serial_shops, nicolae_book_shop_shelving,
          uniq_zenata, uniq_saint_roka
Vaults:2: nicolae_vaults_lightning_bolt, st_spiral_rooms, v_misc_19,
          nicolae_vaults_circle_grid_b, minmay_crypt_entry_vampire_xt,
          v_rooms_5, nicolae_vaults_twisting_passages,
          nicolae_vaults_closet_pinwheel_5, vaults_mumra_minichess,
          ontoclasm_vaults_decontamination, v_misc_28,
          nicolae_vaults_three_branches, nicolae_vaults_double_plus_3,
          layout_vaults_maze, uniq_jory, uniq_sojobo
Vaults:3: nicolae_vaults_arrows, nicolae_vaults_shipping_containers_3,
          v_rooms_3, nicolae_vaults_more_shelving_2, v_rooms_1,
          nicolae_vaults_tetromino_Z_1, nicolae_vaults_stepped_doors,
          dpeg_vaults_monster_row, nicolae_vaults_diamond_2,
          ontoclasm_vaults_pinch, layout_vaults_chaotic_city
Vaults:4: portal_desolation_entry_garden, v_misc_17,
          nicolae_vaults_diagonal_hallway_7, nicolae_vaults_house_2,
          nicolae_vaults_specimen_jars, hangedman_vaults_maws, vaults_dpeg_ring,
          nicolae_vaults_sightless_eye, hangedman_vaults_stream,
          nicolae_vaults_house_2, nicolae_vaults_double_plus_3,
          layout_vaults_omnigrid, uniq_mara
Vaults:5
Crypt:1:  layout_misc_corridors, grunt_crypt_arrival_guarded_gate
Crypt:2:  layout_basic, uniq_khufu
Crypt:3:  lightli_unholy_cathedral, layout_chaotic_city,
          ebering_ghost_inner_flame, grunt_megastairs_5
Tomb:1
Depths:1: layout_small_grid, grunt_hell_horde, kennysheep_nub,
          chequers_serial_rivers_small_3, minmay_evil_grid,
          roderic_lattice_octagonal_star
Depths:2: evilmike_diamond_2, layout_cave_pools, abyss_entry,
          grunt_hell_entry_dis_grunt, hangedman_decor_clover_reticule, pan_entry
Depths:3: gammafunk_sealed_arena, layout_cave_shapes, enter_ziggurat_b,
          pf_hell_entry_tar_spiral, serial_bayou_pond_e, abyss_entry, pan_entry,
          nicolae_danse_macabre
Depths:4: grunt_zot_entry_funnels, layout_cave_pools, special_room
          [special_room_jelly], hell_entry, kennysheep_underground_church,
          kennysheep_random_hallway
Hell
Geh:1:    layout_gehenna_pools_box, nicolae_geh_lava_rosette
Zot:1:    layout_misc_corridors
Zot:2:    layout_onion
Zot:3:    layout_onion, grunt_megastairs_2
Zot:4:    nicolae_zot_stationary_front, layout_gridlike
Zot:5:    layout_basic, hangedman_zot_diagonal_lockstep, bh_zot_lava_cross
Pan:      nicolae_pan_hourglass, layout_irregular_city, pan_blood_fountain_2,
          grunt_pan_spiral, layout_stronghold, pan_blood_fountain_small,
          gloorx_vloq_grunt_torture_chamber, layout_basic,
          evilmike_mini_pan_corner, layout_chambers, rand_demon_1, layout_rooms,
          nicolae_pan_sigil_uleosi, pan_captured_pigsty, cerebov,
          layout_pan_divisions_a [pan_division_quadrant_a6,
          pan_division_quadrant_a3, pan_division_quadrant_a2,
          pan_division_quadrant_a4, pan_division_octagon_divided]

Skill      XL: |  1  2  3  4  5  6  7  8  9 10 11 12 13 14 15 16 17 18 19 20 21 22 23 24 25 26 27 |
---------------+----------------------------------------------------------------------------------+-----
Spellcasting   | 1 2 3 4 5 6 7 9 10 11 12 13 14 15 16 17 18 19 22 | 22.0
Short Blades   | 1 2 |  2.0
Earth Magic    | 1 2 3 5 6 7 |  7.1
Dodging        | 2 3 4 9 |  9.0
Armour         | 1 2 3 4 6 7 9 10 11 12 13 | 13.0
Conjurations   | 1 2 3 5 6 7 8 9 10 11 13 14 15 16 17 23 | 23.3
Fighting       | 4 5 7 8 10 11 12 13 18 | 18.8
Stealth        | 7 8 9 10 11 12 13 | 13.4
Necromancy     | 3 4 5 6 7 8 9 10 12 | 12.0
Ice Magic      | 3 6 7 8 9 10 17 | 17.9
Air Magic      | 2 5 6 7 10 | 10.0
Transmutations | 3 4 |  4.0
Poison Magic   | 4 7 8 |  8.0
Shields        | 2 5 7 8 9 10 11 12 13 14 15 16 | 16.2
Fire Magic     | 4 6 8 9 10 12 13 14 15 16 18 22 | 22.8
Ranged Weapons | 2 4 5 |  5.2
Evocations     | 2 3 |  3.0
Translocations | 2 5 7 8 10 | 10.0
Maces & Flails | 3 4 |  4.0
Long Blades    | 7 |  7.8

Action                     |  1- 3 |  4- 6 |  7- 9 | 10-12 | 13-15 | 16-18 | 19-21 | 22-24 | 25-27 || total
---------------------------+-------+-------+-------+-------+-------+-------+-------+-------+-------++-------
  Melee: Short sword       |    37 |   269 |   338 |    76 |    61 |       |       |       |       ||   781
         Punch             |       |     2 |     4 |       |       |     1 |       |       |       ||     7
         Flail             |       |       |       |       |       |    97 |    46 |    90 |    59 ||   292
         Battleaxe         |       |       |       |       |       |       |     1 |       |       ||     1
         Rapier            |       |       |       |       |       |       |     1 |     4 |     1 ||     6
         Staff             |       |       |       |       |       |       |       |       |     1 ||     1
         Demon whip        |       |       |       |       |       |       |       |       |     5 ||     5
         Mace              |       |       |       |       |       |       |       |       |     1 ||     1
         Eudemon blade     |       |       |       |       |       |       |       |       |   727 ||   727
   Fire: Longbow           |       |       |       |       |    14 |   163 |   144 |   238 |    87 ||   646
         Orcbow            |       |       |       |       |       |       |       |       |   121 ||   121
  Throw: Dart              |     2 |    12 |    27 |     3 |     3 |       |     7 |     3 |     2 ||    59
   Cast: Stone Arrow       |       |       |    44 |   139 |   138 |   120 |   147 |    89 |    38 ||   715
         Magic Dart        |       |       |    31 |    99 |   154 |     1 |     3 |       |       ||   288
         Freezing Cloud    |       |       |       |    75 |   205 |   171 |   258 |   174 |   110 ||   993
         Olgreb's Toxic Ra |       |       |       |    17 |    65 |   190 |   159 |   140 |   102 ||   673
         Ignite Poison     |       |       |       |    11 |    55 |   213 |   159 |   161 |   124 ||   723
         Sticky Flame      |       |       |       |     2 |     5 |    51 |    42 |    43 |    80 ||   223
         Sublimation of Bl |       |       |       |       |     2 |   106 |   257 |   189 |   691 ||  1245
         Iskenderun's Myst |       |       |       |       |       |     6 |   166 |   149 |   173 ||   494
         Ozocubu's Armour  |       |       |       |       |       |       |    10 |     3 |     3 ||    16
         Passage of Golubr |       |       |       |       |       |       |     9 |    15 |    77 ||   101
         Mephitic Cloud    |       |       |       |       |       |       |     2 |       |       ||     2
         Conjure Ball Ligh |       |       |       |       |       |       |       |    15 |   133 ||   148
         Fire Storm        |       |       |       |       |       |       |       |       |   700 ||   700
         Orb of Destructio |       |       |       |       |       |       |       |       |   250 ||   250
         Ignition          |       |       |       |       |       |       |       |       |     5 ||     5
Ability: Shaft Self        |       |     2 |     2 |     3 |     1 |    11 |     1 |       |       ||    20
         Dig               |       |     2 |       |     2 |     3 |     2 |     3 |     1 |     9 ||    22
  Evoke: Wand              |       |       |       |       |       |     3 |       |     2 |     1 ||     6
         Condenser vane    |       |       |       |       |       |     1 |       |       |       ||     1
         Phantom mirror    |       |       |       |       |       |       |       |       |     1 ||     1
    Use: Scroll            |       |     6 |     2 |     3 |    10 |     1 |       |     4 |    11 ||    37
         Potion            |       |       |     2 |     2 |     4 |     7 |     2 |     1 |    15 ||    33
   Stab: Sleeping          |       |    15 |     5 |       |     3 |       |     1 |     4 |     2 ||    30
         Distracted        |       |       |     1 |     1 |     2 |       |       |       |     2 ||     6
         Invisible         |       |       |       |       |       |       |       |       |     1 ||     1
 Armour: Ring mail         |     8 |   118 |   110 |       |       |    20 |       |       |    37 ||   293
         Leather armour    |       |       |    13 |     2 |       |       |       |       |       ||    15
         Robe              |       |       |       |    30 |     5 |       |       |       |       ||    35
         Scale mail        |       |       |       |       |    40 |    90 |    63 |    51 |   361 ||   605
         Skin              |       |       |       |       |       |     8 |       |       |       ||     8
  Dodge: Dodged            |    14 |   184 |   229 |   137 |    90 |   323 |   169 |   201 |   849 ||  2196
         Repelled          |       |       |       |     4 |     4 |    12 |    11 |    14 |    26 ||    71
  Block: Kite shield       |       |       |       |       |       |   139 |   208 |   250 |  1211 ||  1808

Table legend: (Time is in decaauts)
 A = Elapsed time spent in this place.
 B = Non-inter-level travel time spent in this place.
 C = Inter-level travel time spent in this place.
 D = Time resting spent in this place.
 E = Time spent auto-exploring this place.
 F = Levels seen in this place.
 G = Mean time per level.
                   A        B        C        D        E       F      G
               +--------+--------+--------+--------+--------+-----+--------+
         Total | 119400 | 102780 |  16620 |  35470 |  28190 |  68 | 1755.9 |
       Dungeon |  32781 |  25010 |   7771 |   9955 |   6543 |  15 | 2185.4 |
        Temple |     27 |     27 |      0 |     26 |      0 |   1 |   27.0 |
          Lair |   9835 |   8343 |   1492 |   3448 |   3208 |   5 | 1967.0 |
         Swamp |   6821 |   6279 |    542 |   2603 |   1031 |   4 | 1705.2 |
   Spider Nest |   7017 |   6449 |    568 |   2539 |   1009 |   4 | 1754.2 |
    Slime Pits |   2751 |   2539 |    212 |    449 |   1541 |   5 |  550.2 |
  Orcish Mines |   5123 |   3944 |   1179 |   2256 |    711 |   2 | 2561.5 |
   Elven Halls |   8940 |   8067 |    873 |   3495 |   1655 |   3 | 2980.0 |
        Vaults |  11958 |  10468 |   1490 |   2677 |   3639 |   5 | 2391.6 |
         Crypt |   4600 |   4101 |    499 |    985 |   1287 |   3 | 1533.3 |
          Tomb |   1517 |   1445 |     72 |    367 |    265 |   1 | 1517.0 |
        Depths |  11323 |   9929 |   1394 |   3589 |   1906 |   4 | 2830.8 |
          Hell |    555 |    531 |     24 |     30 |    262 |   1 |  555.0 |
       Gehenna |     43 |     43 |      0 |      0 |      0 |   1 |   43.0 |
           Zot |   7135 |   6635 |    500 |   1611 |   1946 |   5 | 1427.0 |
   Pandemonium |   7619 |   7619 |      0 |    661 |   3174 |   6 | 1269.8 |
        Bazaar |    213 |    213 |      0 |      0 |      0 |   1 |  213.0 |
         Trove |     79 |     79 |      0 |      0 |     12 |   1 |   79.0 |
       Volcano |   1055 |   1055 |      0 |    776 |      0 |   1 | 1055.0 |
               +--------+--------+--------+--------+--------+-----+--------+

Top non-repeatable levels by time:
    D:11: 4349 daAuts
Depths:1: 4249 daAuts
   Elf:3: 3863 daAuts
   Orc:2: 3410 daAuts
    D:10: 3334 daAuts
    D:14: 3298 daAuts
Vaults:2: 3275 daAuts
   Elf:2: 3161 daAuts
Depths:3: 2965 daAuts
     D:7: 2898 daAuts
    D:12: 2803 daAuts
Depths:2: 2763 daAuts
  Lair:3: 2619 daAuts
   Zot:5: 2540 daAuts
Vaults:1: 2508 daAuts
